 Dungeon Sprint DCSS version 0.19.1 (webtiles) character file.

2443 KingBobo974 the Spear-Bearer (level 9, 0/105 HPs)
             Began as a Pale Draconian Berserker on Dec 13, 2016.
             Was an Elder of Trog.
             Slain by a hornet (7 damage)
             ... in the Dungeon (Sprint I: "Red Sonja").
             The game lasted 00:05:30 (1092 turns).

KingBobo974 the Spear-Bearer (DrBe)                 Turns: 1092, Time: 00:05:30

Health: 0/105      AC:  7    Str: 27    XL:     9   Next: 25%
Magic:  9/9        EV: 19    Int:  8    God:    Trog [****..]
Gold:   523        SH:  0    Dex: 11    Spells: 0 memorised, 8 levels left

rFire  . . .     SeeInvis .     a - +0 spear
rCold  . . .     Gourm    .     (armour unavailable)
rNeg   . . .     Faith    .     (no shield)
rPois  .         Spirit   .     (helmet restricted)
rElec  .         Reflect  .     (no cloak)
rCorr  .         Harm     .     (no gloves)
MR     .....     NoTele   +     (no boots)
Stlth  ..........               (no amulet)
                                (no ring)
                                (no ring)

@: berserking (expiring), lethally poisoned (0 -> -2), short of breath, slowed
A: breathe steam, unfitting armour, cold-blooded, AC +7
a: Breathe Steam, Berserk, Trog's Hand, Brothers in Arms, Burn Spellbooks,
Renounce Religion


You were in the Dungeon.
You worshipped Trog.
Trog was greatly pleased with you.
You were not hungry.

You visited 1 branch You collected 523 gold pieces.

Inventory:

Hand Weapons
 a - a +0 spear (weapon)
Jewellery
 i - an uncursed amulet of harm {unknown}
Scrolls
 h - a scroll of blinking
Potions
 b - a potion of lignification {unknown}
 c - a potion of curing
 d - a potion of heal wounds
 e - a potion of haste
 f - 2 potions of magic
 g - a potion of berserk rage


   Skills:
 - Level 3.2 Fighting
 * Level 14.7 Polearms
 * Level 13.5 Dodging
 + Level 2.0 Stealth


You had 8 spell levels left.
You didn't know any spells.

Dungeon Overview and Level Annotations

Branches:
Dungeon (1/1)

Altars:
Cheibriados
Dithmenos
Elyvilon
Fedhas
Gozag
Hepliaklqana
Kikubaaqudgha
Makhleb
Nemelex Xobeh
Okawaru
Qazlal
Ru
Sif Muna
Trog
Uskayaw
Vehumet
Xom
Yredelemnul
Zin
The Shining One
Jiyva
Lugonu

Shops:
D ?


Innate Abilities, Weirdness & Mutations

You can breathe blasts of scalding, opaque steam.
Your pale cyan-grey scales are hard. (AC +7)
You cannot fit into any form of body armour.
You are cold-blooded and may be slowed by cold attacks.


Message History

* * * LOW HITPOINT WARNING * * *
You feel as though you will be slow longer.
You hit the hornet.
The hornet is heavily wounded.
The centaur warrior hits you.
* * * LOW HITPOINT WARNING * * *
The hornet misses you.
You hit the hornet but do no damage.
The hornet is heavily wounded.
You feel sick. The centaur warrior misses you.
You are too berserk!
You are too berserk!
You are too injured to fight recklessly!
You barely miss the centaur warrior.
The centaur warrior is lightly wounded.
The hornet completely misses you.
The centaur warrior hits you but does no damage.
Your unstable footing causes you to fumble your attack.
The hornet stings you!
You die...

########################
.#..)..#..'..#__#..)...#
.').#..)..#..'..'..#)..#
.#####'#####'#__####§..+
.####..#...#.####".#####
.#__####..##§#§§§§§#§§#
.#_____##'#.§§§≈§y§§..#
⌠#_.∩...'..._#≈§@c§#
##_..__##_.#'##+####
#_____###)#.#
#########.### +...+
#...# ##.## #+#


You could see a centaur warrior and a hornet.

Vanquished Creatures
  A centaur warrior (D)
  Sonja (D)
  2 kobold demonologists (D)
  A slime creature (D)
  Sigmund (D)
  A yak (D)
  A floating eye (D)
  An ogre (D)
  A jelly (D)
  Ijyb (D)
11 creatures vanquished.

Notes
Turn   | Place    | Note
-------+----------+-------------------------------------------
     0 | D        | KingBobo974 the Draconian Berserker began the quest for the Orb.
     0 | D        | Reached XP level 1. HP: 19/19 MP: 1/1
     1 | D        | Noticed Ijyb
    34 | D        | Killed Ijyb
    34 | D        | Reached skill level 4 in Polearms
    34 | D        | Reached XP level 2. HP: 19/26 MP: 2/2
    37 | D        | Noticed an ogre
    41 | D        | Killed an ogre
    41 | D        | Reached skill level 7 in Polearms
    41 | D        | Reached XP level 3. HP: 31/31 MP: 3/3
    41 | D        | Reached XP level 4. HP: 38/38 MP: 4/4
   100 | D        | Noticed Sigmund
   131 | D        | Killed Sigmund
   131 | D        | Reached ** piety under Trog
   131 | D        | Reached skill level 9 in Polearms
   131 | D        | Reached XP level 5. HP: 41/45 MP: 5/5
   147 | D        | Found a deep blue altar of Sif Muna.
   149 | D        | Found a radiant altar of Vehumet.
   162 | D        | Reached XP level 6. HP: 10/51 MP: 6/6
   402 | D        | Found Zahattir's Magic Scroll Emporium.
   402 | D        | Found an ancient bone altar of Kikubaaqudgha.
   402 | D        | Found a hazy altar of Hepliaklqana.
   402 | D        | Found a hide-covered altar of Uskayaw.
   402 | D        | Found a basalt altar of Yredelemnul.
   402 | D        | Found an opulent altar of Gozag.
   402 | D        | Found a snail-covered altar of Cheibriados.
   402 | D        | Found a sacrificial altar of Ru.
   402 | D        | Found a shadowy altar of Dithmenos.
   402 | D        | Noticed a yak
   417 | D        | Killed a yak
   417 | D        | Reached skill level 10 in Polearms
   418 | D        | Found a stormy altar of Qazlal.
   418 | D        | Found a blossoming altar of Fedhas.
   418 | D        | Found a bloodstained altar of Trog.
   418 | D        | Found an iron altar of Okawaru.
   418 | D        | Found a glowing golden altar of the Shining One.
   418 | D        | Found a glowing silver altar of Zin.
   418 | D        | Found a white marble altar of Elyvilon.
   419 | D        | Found a sparkling altar of Nemelex Xobeh.
   438 | D        | Found a burning altar of Makhleb.
   438 | D        | Found a viscous altar of Jiyva.
   438 | D        | Found a shimmering altar of Xom.
   438 | D        | Found a corrupted altar of Lugonu.
   438 | D        | Noticed a slime creature
   450 | D        | Killed a slime creature
   450 | D        | Reached *** piety under Trog
   450 | D        | Reached skill level 11 in Polearms
   450 | D        | Reached skill level 10 in Dodging
   450 | D        | Your scales start taking on a pale cyan-grey colour.
   450 | D        | Reached XP level 7. HP: 15/57 MP: 7/7
   697 | D        | Noticed a kobold demonologist
   698 | D        | Noticed a kobold demonologist
   699 | D        | Reached skill level 1 in Stealth
   701 | D        | Noticed a chaos spawn
   720 | D        | Killed a kobold demonologist
   720 | D        | Reached **** piety under Trog
   720 | D        | Reached skill level 12 in Polearms
   727 | D        | HP: 2/57 [kobold demonologist/dagger (2)]
   729 | D        | Killed a kobold demonologist
   729 | D        | Reached XP level 8. HP: 2/63 MP: 8/8
  1044 | D        | Noticed Sonja
  1048 | D        | Killed Sonja
  1048 | D        | Reached skill level 13 in Polearms
  1066 | D        | Noticed a centaur warrior
  1066 | D        | Noticed a centaur warrior
  1073 | D        | Noticed a hornet
  1082 | D        | Killed a centaur warrior
  1082 | D        | Reached skill level 14 in Polearms
  1082 | D        | Reached XP level 9. HP: 51/70 MP: 9/9
  1092 | D        | Slain by a hornet

Skill      XL: |  1  2  3  4  5  6  7  8 |
---------------+-------------------------+-----
Polearms       | 4 7 9 11 12 14 | 14.7
Dodging        | 4 6 8 10 11 13 | 13.5
Stealth        | 1 2 |  2.0
Fighting       | |  3.2

Action                   |  1- 3 |  4- 6 |  7- 9 || total
-------------------------+-------+-------+-------++-------
Melee: Spear             |    35 |    61 |    43 ||   139
       Tailslap          |     6 |    14 |     5 ||    25
Invok: Berserk           |     1 |     1 |     2 ||     4
 Abil: Breathe Steam     |       |       |     5 ||     5
  Eat: Bread ration      |       |       |     1 ||     1
Armor: Skin              |     6 |     1 |    12 ||    19
Dodge: Dodged            |    16 |    26 |    32 ||    74
